 Dungeon Crawl Stone Soup version 0.21.1-1-g345015f (webtiles) character file.

912027 emieltakesitez the Earth Mage (level 27, -3/223 (228) HPs)
             Began as an Octopode Fighter on June 25, 2018.
             Was the Champion of Cheibriados.
             Slain by Antaeus (5 damage)
             ... on level 7 of Cocytus.
             The game lasted 02:46:23 (52722 turns).

emieltakesitez the Earth Mage (Octopode Fighter)   Turns: 52722, Time: 02:46:23

HP:   -3/223 (228)  AC: 40    Str: 40    XL:     27
MP:   30/38         EV: 34    Int: 29    God:    Cheibriados [******]
Gold: 2018          SH: 19    Dex: 35    Spells: 16/58 levels left

rFire    + + .     SeeInvis +   E - +9 broad axe (elec)
rCold    + + +     Gourm    .   X - +0 shield of the Sea {rF+ Stlth+}
rNeg     + + .     Faith    .   k - +2 hat {SInv}
rPois    ∞         Spirit   .   e - amulet of regeneration
rElec    +         Reflect  .   Y - +3 ring of protection
rCorr    .         Harm     .   w - +3 ring of slaying
MR       +++..     Rnd*Rage +   U - +5 ring of protection
Stlth    +++++.....             Z - ring of protection from cold
HPRegen  0.87/turn              R - ring of protection from magic
MPRegen  0.26/turn              H - ring of Diyst {rF+ Str+2}
                                N - ring of Virtue {rPois rC+ Slay+3 Stlth+}
                                Q - ring "Qodeunir" {rPois rC+ rN+ Slay+4 Stlth+}

@: mighty, statue-form (expiring), glowing, very slow
A: almost no armour, stealthy swim, amphibious, 8 rings, constrict 8, fangs 1,
camouflage 2, agile 1, berserk 1, blurry vision 1, deterioration 1, frail 1, low
mp 1, mutation resistance 1, no potion heal 1
}: 10/15 runes: serpentine, barnacled, slimy, silver, abyssal, demonic, glowing,
magical, fiery, dark
a: End Transformation, Bend Time, Temporal Distortion, Slouch, Step From Time,
Renounce Religion


You were on level 7 of Cocytus.
You worshipped Cheibriados.
Cheibriados was exalted by your worship.
You were very hungry.
You were a stone statue.
You visited 11 branches of the dungeon, and saw 55 of its levels.
You visited Pandemonium 2 times, and saw 20 of its levels.
You visited the Abyss 1 time.
You visited 2 bazaars.
You visited 1 ziggurat, and saw 7 of its levels.
You also visited: Labyrinth, Ossuary, Ice Cave and Wizlab.

You collected 6586 gold pieces.
You spent 4568 gold pieces at shops.

Inventory:

Hand Weapons
 E - a +9 broad axe of electrocution (weapon)
 L - a +5 broad axe of electrocution
Armour
 k - a +2 hat of see invisible (worn)
 X - the +0 shield of the Sea (worn) {rF+ Stlth+}
   (You found it on level 6 of the Lair of Beasts)

   It protects you from fire.
   It makes you more stealthy.
Jewellery
 a - the ring "Pios" {rElec rF++ rN+ Int-5}
   (You found it on level 4 of the Shoals)

   [ring of positive energy]

   It affects your intelligence (-5).
   It greatly protects you from fire.
   It insulates you from electricity.
   It protects you from negative energy.
 e - an amulet of regeneration (around mantle)
 w - a +3 ring of slaying (right tentacle)
 D - an uncursed ring of positive energy
 H - the ring of Diyst (on tentacle) {rF+ Str+2}
   (You found it on level 9 of the Dungeon)

   [ring of strength]

   It affects your strength (+2).
   It protects you from fire.
 I - an uncursed ring of wizardry
 N - the ring of Virtue (on tentacle) {rPois rC+ Slay+3 Stlth+}
   (You bought it in a shop on level 14 of the Dungeon)

   [ring of poison resistance]

   It affects your accuracy and damage with ranged weapons and melee attacks
   (+3).
   It protects you from cold.
   It protects you from poison.
   It makes you more stealthy.
 Q - the ring "Qodeunir" (on tentacle) {rPois rC+ rN+ Slay+4 Stlth+}
   (You took it off a spriggan defender on level 2 of the Depths)

   [ring of stealth]

   It affects your accuracy and damage with ranged weapons and melee attacks
   (+4).
   It protects you from cold.
   It protects you from poison.
   It protects you from negative energy.
   It makes you more stealthy.
 R - a ring of protection from magic (on tentacle)
 T - an uncursed ring of flight
 U - a +5 ring of protection (on tentacle)
 V - an uncursed ring of resist corrosion
 Y - a +3 ring of protection (left tentacle)
 Z - a ring of protection from cold (on tentacle)
Wands
 n - a wand of clouds (18)
 u - a wand of flame (26)
 v - a wand of iceblast (13)
 O - a wand of acid (30)
Scrolls
 f - 3 scrolls of blinking
 j - a scroll of enchant weapon
 l - 23 scrolls of teleportation
 m - 31 scrolls of remove curse
 p - 5 scrolls of immolation
 s - 11 scrolls of amnesia
 t - 16 scrolls of fog
 B - 6 scrolls of magic mapping
 F - a scroll of silence
 G - 8 scrolls of identify
 W - 3 scrolls of summoning
Potions
 c - 2 potions of brilliance
 g - 23 potions of curing
 h - a potion of resistance
 i - 5 potions of cancellation
 o - a potion of magic
 q - 7 potions of heal wounds
 x - 10 potions of ambrosia
 C - 8 potions of flight
 J - 4 potions of might
 K - 2 potions of invisibility
 P - 2 potions of agility
Miscellaneous
 b - 8 boxes of beasts
 r - a phial of floods
 y - 3 sacks of spiders
 z - a lamp of fire
 A - a fan of gales
 M - the horn of Geryon
 S - a lightning rod (4/4)
Comestibles
 d - 66 rations


   Skills:
 + Level 18.2 Fighting
 - Level 19.0 Axes
 + Level 18.2 Dodging
 + Level 16.6 Stealth
 - Level 17.1 Shields
 + Level 16.1 Spellcasting
 - Level 4.3 Hexes
 - Level 11.8 Charms
 - Level 6.6 Necromancy
 * Level 17.5 Translocations
 - Level 12.7 Transmutations
 - Level 8.4 Air Magic
 * Level 20.3 Earth Magic
 - Level 10.0 Invocations
 - Level 10.0 Evocations


You had 16 spell levels left.
You knew the following spells:

 Your Spells              Type           Power        Failure   Level  Hunger
a - Regeneration          Chrm/Necr      ######....   1%          3    None
b - Shatter               Erth           #######...   32%         9    #######
c - Controlled Blink      Tloc           N/A          10%         8    ######.
d - Blink                 Tloc           N/A          0%          2    None
e - Deflect Missiles      Chrm/Air       ######....   4%          6    ###....
f - Statue Form           Tmut/Erth      #######..    1%          6    ###....
g - Apportation           Tloc           ######       0%          1    None
h - Song of Slaying       Chrm           #######.     1%          2    None
i - Silence               Hex/Air        ######....   4%          5    None


Dungeon Overview and Level Annotations

Branches:
Dungeon (15/15)            Temple (1/1) D:4            Lair (6/6) D:9
 Shoals (4/4) Lair:2        Snake (4/4) Lair:2        Slime (5/5) Lair:5
    Orc (2/2) D:9             Elf (0/3) Orc:2        Vaults (5/5) D:14
  Crypt (0/3) Vaults:3     Depths (5/5) D:15           Hell (1/1)
    Coc (7/7) Hell            Zot (0/5) Depths:5
    Dis: Hell:1         Geh: Hell:1         Tar: Hell:1

Altars:
Ashenzari
Cheibriados
Dithmenos
Elyvilon
Gozag
Makhleb
Nemelex Xobeh
Qazlal
Ru
Sif Muna
Trog
Uskayaw
Yredelemnul
Beogh
Jiyva

Shops:
D:6 %   D:10 *   D:11 (   D:12 =   D:14 [*=   Orc:1 =   Orc:2 (:*[   Vaults:1 :
Vaults:2 [(?   Vaults:5 (   Depths:1 }}=

Portals:
Hell: Depths:1 Depths:2 Depths:3 Depths:4 Depths:5
Abyss: Depths:4
Pandemonium: Depths:1 Depths:2 Depths:3
Trove: D:14 (give 4 scrolls of blinking)

Annotations:
D:4 exclusion: moth of wrath
Lair:1 exclusions: electric eel and 3 more exclusions
Coc:7 Antaeus


Innate Abilities, Weirdness & Mutations

You cannot wear most types of armour.
You are very stealthy in the water. (Stealth+)
You are amphibious.
You can wear up to eight rings at the same time.
You can use your tentacles to constrict eight enemies at once.
Your skin blends seamlessly with your surroundings (Stealth++).
((Your rubbery body absorbs attacks. (AC +1, EV +1)))
You have very sharp teeth.
((You are partially covered in slimy green scales. (AC +2)))
You are agile. (Dex +2)
You tend to lose your temper in combat.
Scrolls take you a little longer to read.
Your body sometimes deteriorates upon taking damage.
You are frail. (-10% HP)
Your magical capacity is low. (-10% MP)
You are somewhat resistant to further mutation.
Potions are less effective at restoring your health.


Message History

Unknown command.
Unknown command.
You cut Antaeus into ribbons!!! You bite Antaeus!! You squeeze Antaeus!!
Antaeus is heavily wounded.
You slash the Ice Fiend! You block the Ice Fiend's attack. x2
You block Antaeus's attack. Antaeus completely misses you.
Unknown command.
Unknown command.
Unknown command.
You slash Antaeus! You squeeze Antaeus!!
Antaeus is severely wounded.
You slice the Ice Fiend!!
Lightning courses through the Ice Fiend!
You kill the Ice Fiend!
Cheibriados thoroughly appreciates the change of pace.
You feel your strength returning. Antaeus hits you!!
* * * LOW HITPOINT WARNING * * *
Antaeus freezes you. You resist.
You die...

≈≈≈≈≈,*,,,,,,,,,*,≈≈≈≈≈≈≈≈≈≈**
≈≈≈≈≈≈,*,,,,,,,*,≈≈≈≈≈≈≈≈≈≈≈≈*
,,,,≈≈≈,*,,,,,*,≈≈≈,...≈≈≈≈≈≈*
****,≈,**####***,≈,#..#.≈≈≈≈≈*
,,,,*,***#...#***.#....#.≈≈≈≈*
,,,,,***,......*##......#.≈≈≈*
,,,,,,**,,#....##........#,≈≈*
,,*,,,**,*,#...C#.1.#....#,≈≈*
,,,,,,**,,**#...8.......#.≈≈≈*
,,*,,,**,,,#.#..#...#....#,≈≈*
,,,,,,**,,,,#}.##........#,≈≈*
,,,,.****,,$...*##......#,≈≈≈*
,,,.#.#***####*##.#....#.≈≈≈≈*
***#.≈.#########.≈.####.≈≈≈≈**
,,,,≈≈≈.#.....#.≈≈≈....≈≈≈≈≈≈*
≈≈≈≈.≈.#.......#.≈≈≈≈≈≈≈≈≈≈≈≈*
≈≈≈.≈.#.........#.≈≈≈≈≈≈≈≈≈≈**


You could see Antaeus and an Ice Fiend.

Vanquished Creatures
  Cerebov (Pan)
  the Royal Jelly (Slime:5)
  Gloorx Vloq (Pan)
  Mnoleg (Pan)
  Lom Lobon (Pan)
  A seraph (Pan)
  2 ancient liches
  A juggernaut (Depths:4)
  3 pandemonium lords (Pan)
  Bai Suzhen (Vaults:4)
  9 shard shrikes
  5 caustic shrikes
  Geryon (Hell)
  A profane servitor (Abyss:3)
  The ghost of GreatBrownShark the Spry, an adept DsMo of Yredelemnul (Depths:5)
  A bone dragon (Abyss:5)
  4 Tzitzimimeh (Pan)
  2 Brimstone Fiends (Pan)
  A hellephant (Abyss:2)
  15 Ice Fiends
  Rupert (D:15)
  8 tentacled monstrosities
  2 Hell Sentinels (Pan)
  6 liches
  2 titans
  17 Executioners (Pan)
  8 tentacled starspawn
  21 acid blobs
  2 krakens
  3 sphinxes
  The ghost of n0claF the Markscentaur, an adept CeHu of Okawaru (Slime:3)
  6 shadow dragons
  An eldritch tentacle (Pan)
  10 tengu reavers
  Kirke (D:15)
  A thorn hunter (Zig:4)
  An ancient champion (Zig:5)
  8 nagarajas
  Gastronok (D:10)
  4 storm dragons
  3 daevas (Pan)
  A revenant (Zig:5)
  7 azure jellies
  An iron dragon (Vaults:4)
  Ilsuiw (Shoals:4)
  12 fire giants
  8 vault wardens
  4 deep elf sorcerers
  13 frost giants
  Aizul (Snake:1)
  A draconian shifter (Depths:5)
  5 warmongers (Pan)
  15 cacodemons
  3 orc warlords
  15 very ugly things
  25 balrugs
  2 deep elf elementalists (Vaults:4)
  2 curse skulls (Pan)
  13 reapers
  7 angels (Pan)
  2 war gargoyles
  An entropy weaver (Vaults:2)
  2 draconian stormcallers
  11 ironheart preservers
  27 stone giants
  An elemental wellspring (Coc:7)
  3 spriggan defenders
  9 ophanim
  Nessos (D:13)
  3 apis (Pan)
  2 blood saints (Pan)
  2 lorocyprocas (Pan)
  4 black suns (Pan)
  7 corrupters (Pan)
  3 green draconians
  Azrael (Snake:1)
  4 vampire knights
  A deep elf annihilator (Zig:6)
  3 red draconians
  9 ettins
  3 spark wasps
  2 white draconians (Depths:5)
  4 merfolk javelineers (Shoals:4)
  Snorg (D:13)
  16 green deaths
  24 blizzard demons
  A crystal guardian (Vaults:5)
  2 mummy priests (WizLab)
  3 deep elf death magi
  A minotaur (Lab)
  2 quicksilver dragon zombies
  Josephine (D:15)
  17 yaktaur captains
  5 death oozes
  3 deep elf high priests
  32 vault guards
  9 merfolk impalers
  9 fire dragons
  18 naga warriors
  15 rakshasas
  18 great orbs of eyes
  2 quicksilver dragon skeletons
  30 ice dragons
  A kraken zombie (Coc:3)
  5 hydras
  4 catoblepae
  2 spriggan air magi
  7 monstrous demonspawn (Pan)
  12 ogre magi
  18 centaur warriors
  A catoblepas (shapeshifter) (Vaults:4)
  5 merfolk avatars
  2 satyrs (Shoals:3)
  12 deep troll shamans
  The ghost of sking99 the Fighter, a novice DrTm of Fedhas (D:11)
  An anaconda (shapeshifter) (Vaults:5)
  6 anacondas
  3 merfolk aquamancers
  10 tengu warriors
  3 alligator snapping turtles
  34 two-headed ogres
  A ghost crab (Abyss:5)
  An alligator (shapeshifter) (Vaults:4)
  4 vampire magi
  2 dancing weapons (Zig:6)
  An alligator snapping turtle (shapeshifter) (Zig:2)
  9 deep troll earth magi
  2 orc high priests
  11 death yaks
  4 spriggan berserkers
  4 shock serpents
  3 spriggans (Depths:5)
  A shock serpent (shapeshifter) (Zig:3)
  2 storm dragon zombies
  22 thrashing horrors
  7 naga sharpshooters
  9 hell knights
  6 soul eaters
  2 titan zombies (Coc:7)
  54 sun demons
  2 salamander mystics (Snake:4)
  7 wretched stars
  A fire crab (shapeshifter) (Vaults:2)
  A fire crab (Abyss:5)
  8 deep elf knights
  A titan skeleton (Coc:6)
  11 shadow wraiths
  3 spatial maelstroms
  20 skeletal warriors
  21 sixfirhies
  10 cherubim (Pan)
  A sea snake (shapeshifter) (Zig:7)
  A glowing orange brain (shapeshifter) (Depths:1)
  A storm dragon skeleton (Coc:6)
  5 torturous demonspawn
  6 unseen horrors
  3 iron trolls
  7 flayed ghosts
  A death drake (shapeshifter) (Vaults:4)
  2 ghost moth zombies
  10 glowing orange brains
  A shambling mangrove (Abyss:5)
  3 gelid demonspawn (Pan)
  6 infernal demonspawn (Pan)
  7 anaconda zombies
  12 wizards
  36 deep trolls
  9 sea snakes
  7 naga ritualists
  10 shadow demons (Pan)
  12 ironbrand convokers
  3 anaconda skeletons
  4 deep elf archers
  A harpy (shapeshifter) (Vaults:4)
  17 harpies
  4 phantasmal warriors
  7 necromancers
  A shadow dragon zombie (Coc:7)
  11 orc knights
  11 mana vipers
  6 frost giant zombies
  5 wolf spiders
  A shining eye (shapeshifter) (Zig:3)
  2 iron dragon zombies
  54 ugly things
  2 tengu skeletons
  8 orc sorcerers
  14 fauns
  12 cyclopes
  6 shining eyes
  9 deep elf magi
  A wolf spider zombie (D:14)
  6 stone giant zombies
  A sphinx skeleton (Depths:1)
  12 salamanders
  2 fire giant zombies
  12 manticores
  3 ice statues
  20 naga magi
  5 rust devils
  33 black mambas
  3 black mambas (shapeshifter)
  6 merfolk sirens
  2 fire giant skeletons
  7 elephants (Lair:4)
  A water nymph (shapeshifter) (Depths:3)
  A spriggan skeleton (Depths:4)
  2 water nymphs (Shoals:2)
  18 vault sentinels
  10 guardian serpents
  A torpor snail (shapeshifter) (Depths:3)
  47 smoke demons
  4 apocalypse crabs
  A gargoyle (D:12)
  3 titan simulacra
  6 eyes of devastation
  19 orange demons
  7 storm dragon simulacra
  8 spiny frogs
  4 rime drakes
  An emperor scorpion zombie (Coc:1)
  4 spectral swamp worms (Depths:4)
  7 hellions
  2 centaur skeletons
  24 freezing wraiths
  39 ice devils
  10 tormentors
  A komodo dragon (shapeshifter) (Depths:2)
  6 anaconda simulacra
  5 komodo dragons
  10 demonic crawlers
  2 dire elephant skeletons
  A yaktaur (shapeshifter) (Vaults:2)
  42 yaktaurs
  3 guardian mummies (WizLab)
  12 efreet
  45 hellwings
  2 harpy zombies
  27 red devils
  4 queen bees (shapeshifter)
  6 tengu conjurers
  7 wind drakes
  A polar bear (Lair:6)
  A queen bee (Lair:3)
  9 hydra zombies
  6 trolls
  7 ancient zymes
  2 catoblepas skeletons
  13 merfolk
  A blink frog (shapeshifter) (Depths:3)
  A jumping spider (shapeshifter) (Vaults:3)
  9 hornets
  10 blink frogs
  A merfolk (shapeshifter) (Vaults:5)
  A sphinx simulacrum (Vaults:1)
  Prince Ribbit (D:6)
  A harpy skeleton (Coc:6)
  25 raiju
  8 bog bodies
  6 hydra skeletons
  17 dream sheep
  3 fire dragon zombies
  A hippogriff (shapeshifter) (Depths:2)
  2 ettin zombies
  A slime creature (shapeshifter) (Vaults:1)
  A spriggan zombie (Depths:1)
  An iron dragon simulacrum (Hell)
  19 hippogriffs
  55 slime creatures
  6 snapping turtles
  3 deep troll zombies (WizLab)
  A frost giant simulacrum (Vaults:1)
  2 meliai zombies
  2 stone giant simulacra
  Sigmund (D:2)
  A fire giant simulacrum (Abyss:5)
  35 flying skulls
  2 air elementals (Depths:2)
  4 ettin skeletons
  7 fire dragon skeletons
  3 shadows
  2 wyverns
  3 ice dragon skeletons
  3 alligator skeletons
  16 water elementals
  A vampire (D:13)
  18 wraiths
  A black mamba skeleton (Coc:6)
  7 basilisks
  5 hogs (D:15)
  A hog (shapeshifter) (Vaults:5)
  70 yaks
  A fire bat (Abyss:2)
  9 chaos spawn
  4 golden eyes
  4 vampire mosquitoes (D:15)
  22 neqoxecs
  A steam dragon (Lair:3)
  A yaktaur simulacrum (Depths:1)
  3 fire elementals (Snake:1)
  26 ynoxinuls
  5 hungry ghosts
  A harpy simulacrum (Coc:6)
  Edmund (D:6)
  43 large abominations
  9 spatial vortices
  5 acid dragons
  The ghost of HyperWeapon the Insei, an amateur OpTm (D:4)
  9 wargs
  A soldier ant (D:11)
  9 hell hounds
  69 nagas
  10 water moccasins
  A spiny frog zombie (Coc:7)
  3 floating eyes
  5 hydra simulacra
  9 porcupines
  4 black bears
  A porcupine (shapeshifter) (Depths:2)
  2 hornet zombies
  36 orc warriors
  5 sky beasts
  3 spiny frog skeletons
  A fire dragon simulacrum (Coc:7)
  A black bear (shapeshifter) (Depths:4)
  9 eyes of draining
  17 ice beasts
  4 phantoms
  An ettin simulacrum (Vaults:3)
  15 ogres
  17 small abominations
  A snapping turtle zombie (Coc:5)
  32 wolves
  2 manticore skeletons (Coc:7)
  The ghost of Wendigo the Grave Robber, an amateur HONe (D:3)
  An ogre (shapeshifter) (D:15)
  6 boggarts
  An elf simulacrum (Vaults:1)
  2 snapping turtle skeletons
  21 centaurs
  A swamp dragon skeleton (Coc:1)
  2 elf zombies
  14 crocodiles
  3 big kobolds
  Blork the orc (D:5)
  A yaktaur zombie (WizLab)
  A gnoll sergeant (D:13)
  20 bullfrogs
  A human skeleton (Vaults:1)
  A water moccasin zombie (D:9)
  2 earth elementals
  A hornet simulacrum (D:15)
  4 scorpions
  2 tengu zombies
  30 killer bees
  14 wights
  A howler monkey (D:9)
  2 electric eels
  A lava snake (D:10)
  7 crimson imps
  2 bullfrog zombies
  2 centaur zombies
  26 starcursed masses
  9 quasits
  5 hounds
  4 jellies
  A human simulacrum (Vaults:1)
  22 orc wizards
  6 human zombies
  25 orc priests
  3 bullfrog skeletons
  4 worker ants
  7 iguanas
  2 big kobold zombies (Ossuary)
  3 hound zombies (Ossuary)
  8 mummies
  A worker ant zombie (D:3)
  Robin (D:4)
  12 adders
  12 gnolls
  24 white imps
  10 ufetubi
  5 oozes
  3 adder zombies
  2 adder skeletons (D:5)
  A worm (D:3)
  6 ball lightnings (Pan)
  2 dart slugs
  5 leopard geckos
  67 orcs
  2 ball pythons (D:3)
  5 bats
  12 giant cockroaches
  3 gnoll zombies
  19 goblins
  10 hobgoblins
  7 jackals
  6 quokkas
  6 frilled lizards
  2 goblin zombies (Ossuary)
  4 hobgoblin zombies (Ossuary)
  3 jackal zombies (Ossuary)
  15 kobolds
  2 kobold zombies (Ossuary)
  2 leopard gecko zombies
  3 orc zombies (Ossuary)
  A quokka skeleton (D:4)
  6 quokka zombies
  13 rats
  6 rat zombies (Ossuary)
  A bush (Abyss:2)
  2 demonic plants (Abyss:2)
  2 fungi
  13 plants
  11 starspawn tentacles
  5 tentacles
3172 creatures vanquished.

Vanquished Creatures (collateral kills)
  An eldritch tentacle (Pan)
  A deep elf mage (D:15)
  A necromancer (Hell)
  An eye of devastation (Pan)
  A red devil (Hell)
  A fire elemental (Hell)
6 creatures vanquished.

Vanquished Creatures (others)
  An eldritch tentacle (Pan)
  An elemental wellspring (Coc:6)
  2 blizzard demons (Pan)
  A merfolk impaler (Shoals:4)
  A sixfirhy (Pan)
  3 wizards (Pan)
  3 hellwings (Pan)
  3 flying skulls
  A warg (Vaults:5)
  2 nagas (Snake:4)
  A mummy (Coc:1)
  2 white imps (IceCv)
  2 ufetubi (IceCv)
  7 ball lightnings (Pan)
  An orc (Vaults:4)
  A block of ice (Pan)
  A bush (D:15)
  A demonic plant (Abyss:2)
  11 fungi
  3 lurking horrors (Abyss:5)
  10 plants
  11 starspawn tentacles
  11 tentacles
80 creatures vanquished.

Grand Total: 3258 creatures vanquished

Notes
Turn   | Place    | Note
-------+----------+-------------------------------------------
     0 | D:1      | emieltakesitez the Octopode Fighter began the quest for the Orb.
     0 | D:1      | Reached XP level 1. HP: 16/16 MP: 1/1
   197 | D:1      | Reached XP level 2. HP: 21/21 MP: 2/2
   316 | D:1      | Reached XP level 3. HP: 24/26 MP: 3/3
   630 | D:2      | Found a sparkling altar of Nemelex Xobeh.
   643 | D:2      | Reached XP level 4. HP: 29/31 MP: 4/4
  1075 | D:2      | Noticed Sigmund
  1095 | D:2      | Killed Sigmund
  1095 | D:2      | Reached skill level 5 in Axes
  1095 | D:2      | Reached XP level 5. HP: 31/36 MP: 5/5
  1095 | D:2      | Reached XP level 6. HP: 36/42 MP: 6/6
  1369 | D:2      | Found a basalt altar of Yredelemnul.
  1563 | D:3      | Found a shadowy altar of Dithmenos.
  1833 | D:3      | Noticed Wendigo's ghost (amateur HONe)
  1850 | D:3      | Killed Wendigo's ghost
  1850 | D:3      | Reached skill level 5 in Shields
  1850 | D:3      | Reached XP level 7. HP: 37/46 MP: 7/7
  2488 | D:4      | Noticed a moth of wrath
  2502 | D:4      | Found a bloodstained altar of Trog.
  2573 | D:4      | Noticed HyperWeapon's ghost (amateur OpTm)
  2621 | D:4      | Noticed Robin
  2762 | D:4      | Killed HyperWeapon's ghost
  2958 | D:4      | Found a white marble altar of Elyvilon.
  3063 | D:4      | Killed Robin
  3197 | D:4      | Found a staircase to the Ecumenical Temple.
  3289 | Temple   | Entered the Ecumenical Temple
  3292 | Temple   | Became a worshipper of Cheibriados the Contemplative
  3360 | D:4      | Reached XP level 8. HP: 52/52 MP: 8/8
  3423 | D:5      | Entered Level 5 of the Dungeon
  3689 | D:5      | Gained mutation: Your body sometimes deteriorates upon taking damage. [potion of mutation]
  3689 | D:5      | Gained mutation: One of your tentacles bears a spike. [potion of mutation]
  3690 | D:5      | Lost mutation: One of your tentacles bears a spike. [potion of mutation]
  3690 | D:5      | Lost mutation: Your body sometimes deteriorates upon taking damage. [potion of mutation]
  3690 | D:5      | Gained mutation: Scrolls take you a little longer to read. [potion of mutation]
  3690 | D:5      | Gained mutation: Your flesh is cold resistant. (rC+) [potion of mutation]
  3690 | D:5      | Gained mutation: Your flesh is very cold resistant. (rC++) [potion of mutation]
  3690 | D:5      | Gained mutation: You evolve. [potion of mutation]
  3716 | D:5      | Noticed Blork the orc
  3719 | D:5      | Killed Blork the orc
  3719 | D:5      | Reached skill level 1 in Stealth
  3952 | D:5      | Reached skill level 1 in Invocations
  4007 | D:5      | Found a bloodstained altar of Trog.
  4030 | D:5      | Reached * piety under Cheibriados
  4186 | D:6      | Noticed Edmund
  4199 | D:6      | Killed Edmund
  4254 | D:6      | Reached XP level 9. HP: 55/58 MP: 10/10
  4355 | D:6      | Gained mutation: You have a beak for a mouth. [evolution]
  4624 | D:6      | Noticed Prince Ribbit
  4630 | D:6      | Killed Prince Ribbit
  4654 | D:6      | Found Nezadgh's Food Boutique.
  4851 | D:7      | Reached ** piety under Cheibriados
  5153 | D:7      | Reached skill level 5 in Stealth
  5157 | D:7      | Noticed a hornet
  5286 | D:7      | Found a sacrificial altar of Ru.
  5296 | D:7      | Killed a hornet
  5296 | D:7      | Reached skill level 5 in Dodging
  5385 | D:7      | Reached *** piety under Cheibriados
  5390 | D:7      | Reached skill level 5 in Fighting
  5520 | D:7      | Reached XP level 10. HP: 46/66 MP: 8/13
  5722 | D:7      | Found a burning altar of Makhleb.
  5722 | D:7      | Noticed a cacodemon
  5725 | D:7      | Noticed an orange demon
  5725 | D:7      | Noticed a smoke demon
  6082 | D:8      | Found a sand-covered staircase.
  6107 | Ossuary  | Entered an ossuary
  6162 | Ossuary  | Reached **** piety under Cheibriados
  6544 | D:8      | Reached ***** piety under Cheibriados
  7010 | D:8      | Reached skill level 5 in Invocations
  7587 | D:9      | Learned a level 3 spell: Regeneration
  7593 | D:9      | Learned a level 5 spell: Borgnjor's Vile Clutch
  7600 | D:9      | Identified Advanced Steps in Spellcraft
  7601 | D:9      | Got a steaming bone ring
  7604 | D:9      | Identified the ring of Diyst {rF+ Str+2} (You found it on level 9 of the Dungeon)
  7612 | D:9      | Reached XP level 11. HP: 61/72 MP: 11/15
  7638 | D:9      | Found a staircase to the Orcish Mines.
  7765 | D:9      | Found an opulent altar of Gozag.
  7765 | D:9      | Found a shattered altar of Ashenzari.
  7770 | D:9      | Found a faded altar of an unknown god.
  7772 | D:9      | Found a stormy altar of Qazlal.
  7773 | D:9      | Found a faded altar of an unknown god.
  7873 | D:9      | Reached skill level 1 in Spellcasting
  7873 | D:9      | Reached skill level 1 in Evocations
  7880 | D:9      | Found a staircase to the Lair.
  7892 | D:9      | Reached skill level 1 in Necromancy
  7892 | D:9      | Reached skill level 1 in Earth Magic
  8177 | D:10     | Entered Level 10 of the Dungeon
  8177 | D:10     | Found Sokhouca's General Store.
  8285 | D:10     | Identified a scroll of acquirement
  8371 | D:10     | Noticed a two-headed ogre
  8381 | D:10     | Killed a two-headed ogre
  8538 | D:10     | Noticed a brown ugly thing
  8545 | D:10     | Killed a brown ugly thing
  8699 | D:10     | Noticed Gastronok
  8726 | D:10     | Killed Gastronok
  8726 | D:10     | Reached skill level 2 in Earth Magic
  9005 | D:11     | Noticed sking99's ghost (novice DrTm)
  9234 | Lair:1   | Entered Level 1 of the Lair of Beasts
  9712 | Lair:1   | Reached skill level 10 in Axes
 10817 | Lair:2   | Reached XP level 12. HP: 51/81 MP: 10/16
 10817 | Lair:2   | Reached ****** piety under Cheibriados
 10817 | Lair:2   | Reached skill level 3 in Earth Magic
 11340 | Lair:2   | Found a staircase to the Snake Pit.
 11428 | Lair:2   | Found a staircase to the Shoals.
 11778 | Lair:2   | Lost mutation: Scrolls take you a little longer to read. [evolution]
 11989 | Lair:3   | Noticed a death yak
 11993 | Lair:3   | Noticed a death yak
 11994 | Lair:3   | Noticed a death yak
 11994 | Lair:3   | Noticed a death yak
 11997 | Lair:3   | Noticed a death yak
 12525 | Lair:4   | Found a deep blue altar of Sif Muna.
 12680 | Lair:4   | Reached skill level 4 in Earth Magic
 12970 | Lair:4   | Noticed an ice dragon
 12979 | Lair:4   | Killed an ice dragon
 12979 | Lair:4   | Reached skill level 10 in Stealth
 13107 | Lair:4   | Learned a level 3 spell: Ozocubu's Armour
 13543 | Lair:5   | Reached XP level 13. HP: 26/88 MP: 4/19
 13545 | Lair:5   | Reached skill level 1 in Charms
 13825 | Lair:5   | Reached skill level 5 in Evocations
 14082 | Lair:5   | Found a staircase to the Slime Pits.
 14357 | Lair:6   | Entered Level 6 of the Lair of Beasts
 14601 | Lair:6   | Reached skill level 5 in Necromancy
 14602 | Lair:6   | Reached skill level 5 in Earth Magic
 14803 | Lair:6   | Gained mutation: Your skin blends seamlessly with your surroundings (Stealth++). [evolution]
 15269 | Lair:6   | Reached skill level 5 in Spellcasting
 15315 | Lair:6   | Reached skill level 10 in Shields
 15445 | Lair:6   | Reached XP level 14. HP: 79/95 MP: 16/21
 15810 | Lair:6   | Got a steaming shield
 15829 | Lair:6   | Identified the +0 shield of the Sea {rF+ Stlth+} (You found it on level 6 of the Lair of Beasts)
 16291 | Lair:3   | Reached skill level 6 in Earth Magic
 16976 | Lair:3   | Gained mutation: Potions are less effective at restoring your health. [evolution]
 17158 | Orc:1    | Entered Level 1 of the Orcish Mines
 17396 | Orc:1    | Found Ohomuyn's Jewellery Boutique.
 17554 | Orc:2    | Entered Level 2 of the Orcish Mines
 17597 | Orc:2    | Found a staircase to the Elven Halls.
 17614 | Orc:2    | Found a labyrinth entrance.
 17622 | Lab      | Entered a labyrinth
 18555 | Lab      | Found the +2 ratskin cloak {+Rats rPois rN+ Str-1 Int-1 Dex+1}
 18567 | Lab      | Learned a level 2 spell: Blink
 18574 | Lab      | Learned a level 6 spell: Deflect Missiles
 18668 | Orc:2    | Noticed an orc warlord
 18679 | Orc:2    | Killed an orc warlord
 18784 | Orc:2    | Found a roughly hewn altar of Beogh.
 18793 | Orc:2    | Found Wiwuock's Antique Armour Shop.
 18812 | Orc:2    | Found Jucis's General Store.
 18835 | Orc:2    | Found Kiuroff's Book Shop.
 18844 | Orc:2    | Bought the Collected Works on Earthen Talismans for 905 gold pieces
 18851 | Orc:2    | Learned a level 6 spell: Statue Form
 18992 | Orc:2    | Found Menkywaech's Antique Weapon Shop.
 19444 | D:10     | Bought a scroll of acquirement for 728 gold pieces
 19504 | D:10     | Reached XP level 15. HP: 82/101 MP: 20/24
 19508 | D:10     | Reached skill level 5 in Charms
 19594 | D:11     | Found Qul Fahu's Weapon Shop.
 19643 | D:11     | Reached skill level 1 in Transmutations
 19843 | D:11     | Killed sking99's ghost
 20413 | D:12     | Found a frozen archway.
 20422 | IceCv    | Entered an ice cave
 20854 | D:12     | Found Piamnol's Jewellery Shoppe.
 20859 | D:12     | Found a white marble altar of Elyvilon.
 20935 | D:12     | Reached skill level 7 in Earth Magic
 21111 | D:12     | Found the +5 scythe "Finisher" {speed, Str+3}
 21696 | D:13     | Noticed Nessos
 21707 | D:13     | Noticed Snorg
 21714 | D:13     | Killed Snorg
 21720 | D:13     | Killed Nessos
 22004 | D:14     | Found Ycipsoun's Antique Armour Boutique.
 22065 | D:14     | Found a flickering gateway to a bazaar.
 22072 | Bazaar   | Entered a bazaar
 22072 | Bazaar   | Found Pevogg's Antique Weapon Shoppe.
 22072 | Bazaar   | Found Ehez Hee's Book Emporium.
 22077 | Bazaar   | Found Selomne's Distillery.
 22091 | Bazaar   | Found Sukuh's Antique Weapon Emporium.
 22115 | Bazaar   | Bought a potion of heal wounds for 55 gold pieces
 22115 | Bazaar   | Bought a potion of heal wounds for 55 gold pieces
 22115 | Bazaar   | Bought a potion of heal wounds for 55 gold pieces
 22115 | Bazaar   | Bought 2 potions of heal wounds for 110 gold pieces
 22304 | D:14     | Reached skill level 8 in Earth Magic
 22346 | D:14     | Reached skill level 5 in Transmutations
 22436 | D:14     | Found a gate to the Vaults.
 22612 | D:14     | Reached XP level 16. HP: 109/109 MP: 26/26
 22651 | D:14     | Reached skill level 9 in Earth Magic
 22767 | D:14     | Found Lysk's General Store.
 22773 | D:14     | Found Fokko's Jewellery Shoppe.
 22789 | D:14     | Found a portal to a secret trove of treasure.
 22938 | D:15     | Entered Level 15 of the Dungeon
 23093 | D:15     | Found a bloodstained altar of Trog.
 23288 | D:15     | Reached skill level 10 in Earth Magic
 23351 | D:15     | Noticed Kirke
 23359 | D:15     | Killed Kirke
 23533 | D:15     | Noticed Josephine
 23547 | D:15     | Killed Josephine
 23574 | D:15     | Found a staircase to the Depths.
 23852 | D:15     | Noticed Rupert
 23869 | D:15     | Killed Rupert
 23869 | D:15     | Reached skill level 11 in Earth Magic
 24314 | D:11     | Gained mutation: You are occasionally teleported next to monsters. [evolution]
 24477 | Lair:3   | Lost mutation: Your flesh is very cold resistant. (rC++) [potion of mutation]
 24477 | Lair:3   | Lost mutation: You have a beak for a mouth. [potion of mutation]
 24477 | Lair:3   | Lost mutation: You are occasionally teleported next to monsters. [potion of mutation]
 24477 | Lair:3   | Gained mutation: Your mind is acute. (Int +2) [potion of mutation]
 24569 | Lair:4   | Lost mutation: Your mind is acute. (Int +2) [potion of mutation]
 24569 | Lair:4   | Lost mutation: Potions are less effective at restoring your health. [potion of mutation]
 24569 | Lair:4   | Lost mutation: Your flesh is cold resistant. (rC+) [potion of mutation]
 24569 | Lair:4   | Gained mutation: One of your tentacles bears a spike. [potion of mutation]
 24569 | Lair:4   | Gained mutation: You are agile. (Dex +2) [potion of mutation]
 24569 | Lair:4   | Gained mutation: You are partially covered in slimy green scales. (AC +2) [potion of mutation]
 24653 | Snake:1  | Entered Level 1 of the Snake Pit
 24813 | Snake:1  | Noticed Azrael
 24831 | Snake:1  | Killed Azrael
 24837 | Snake:1  | Reached skill level 1 in Translocations
 24877 | Snake:1  | Noticed Aizul
 24886 | Snake:1  | Killed Aizul
 25024 | Snake:1  | Learned a level 1 spell: Apportation
 25947 | Snake:2  | Reached XP level 17. HP: 102/114 MP: 20/27
 26479 | Snake:3  | Reached skill level 10 in Dodging
 26530 | Snake:3  | Reached skill level 10 in Fighting
 26530 | Snake:3  | Reached skill level 10 in Transmutations
 26876 | Snake:3  | Reached skill level 12 in Earth Magic
 27136 | Snake:3  | Found a runed door.
 27729 | Snake:4  | Entered Level 4 of the Snake Pit
 28113 | Snake:4  | Gained mutation: You are partially covered in icy blue scales. (AC +2) [evolution]
 28451 | Snake:4  | Reached XP level 18. HP: 122/122 MP: 19/29
 28626 | Snake:4  | Reached skill level 13 in Earth Magic
 28693 | Snake:4  | Got a serpentine rune of Zot
 28847 | Shoals:1 | Entered Level 1 of the Shoals
 29548 | Shoals:2 | Identified the +2 hat of Hopscotch {rF+ MR- Int+2} (You found it on level 2 of the Shoals)
 29713 | Shoals:2 | Reached skill level 1 in Air Magic
 30295 | Shoals:3 | Lost mutation: You are partially covered in icy blue scales. (AC +2) [evolution]
 30330 | Shoals:3 | Learned a level 2 spell: Song of Slaying
 30350 | Shoals:3 | Learned a level 5 spell: Silence
 30767 | Shoals:4 | Entered Level 4 of the Shoals
 30805 | Shoals:4 | Got a glittering wooden ring
 30806 | Shoals:4 | Identified the ring "Pios" {rElec rF++ rN+ Int-5} (You found it on level 4 of the Shoals)
 30850 | Shoals:4 | Reached XP level 19. HP: 128/128 MP: 24/31
 31143 | Shoals:4 | Noticed Ilsuiw
 31166 | Shoals:4 | Killed Ilsuiw
 31205 | Shoals:4 | Identified the ring "Botaam" {*Corrode rElec Str+3 SInv Stlth-} (You took it off a merfolk on level 4 of the Shoals)
 31276 | Shoals:4 | Found a flickering gateway to a bazaar.
 31286 | Bazaar   | Entered a bazaar
 31286 | Bazaar   | Found Hugeoz's Magic Scroll Boutique.
 31293 | Bazaar   | Found Xunwom's Gadget Shoppe.
 31301 | Bazaar   | Found Uthriepa's General Store.
 31312 | Bazaar   | Found Cahoy's Antique Weapon Boutique.
 31328 | Bazaar   | Found Boezoum's Antique Armour Emporium.
 31358 | Bazaar   | Bought a scroll of teleportation for 51 gold pieces
 31358 | Bazaar   | Bought a scroll of enchant weapon for 127 gold pieces
 31475 | Shoals:4 | Identified the Incunabulum of Fetching Envenoming
 31520 | Shoals:4 | Got a barnacled rune of Zot
 31819 | D:14     | Bought the ring of Virtue {rPois rC+ Slay+3 Stlth+} for 790 gold pieces
 31884 | Vaults:1 | Entered Level 1 of the Vaults
 31884 | Vaults:1 | Found Eqintiar's Book Emporium.
 32857 | Vaults:1 | Reached XP level 20. HP: 136/136 MP: 29/33
 33135 | Vaults:2 | Found a magical portal.
 33147 | WizLab   | Entered Doroklohe's Tomb
 33293 | WizLab   | Lost mutation: You evolve. [end of evolution]
 33324 | WizLab   | Reached skill level 5 in Air Magic
 33349 | WizLab   | Noticed an ancient lich
 33357 | WizLab   | Killed an ancient lich
 33633 | Vaults:2 | Found Roumuy's Antique Armour Shoppe.
 33720 | Vaults:2 | Found Jirodot's Antique Weapon Shoppe.
 33804 | Vaults:2 | Found Piakoar's Magic Scroll Shoppe.
 33811 | Vaults:2 | Bought a scroll of teleportation for 42 gold pieces
 33811 | Vaults:2 | Bought a scroll of teleportation for 42 gold pieces
 33920 | Vaults:2 | Reached skill level 14 in Earth Magic
 34897 | Vaults:3 | Found a staircase to the Crypt.
 35046 | Vaults:3 | Reached skill level 10 in Spellcasting
 35126 | Vaults:3 | Reached XP level 21. HP: 144/144 MP: 29/35
 35715 | Vaults:4 | Reached skill level 15 in Axes
 35825 | Vaults:4 | Reached skill level 1 in Hexes
 36116 | Vaults:4 | Learned a level 8 spell: Controlled Blink
 36679 | Vaults:5 | Entered Level 5 of the Vaults
 36688 | Vaults:5 | Noticed Bai Suzhen
 36926 | Vaults:4 | Killed Bai Suzhen
 37001 | Vaults:4 | Reached XP level 22. HP: 151/151 MP: 25/36
 37422 | Vaults:5 | Reached skill level 10 in Charms
 37505 | Vaults:5 | Noticed an ancient lich
 37509 | Vaults:5 | Killed an ancient lich
 37721 | Vaults:5 | Got a transparent hat
 37722 | Vaults:5 | Identified the cursed +0 hat "Upicleni" {rElec rN+} (You found it on level 5 of the Vaults)
 37754 | Vaults:5 | Identified Sif Muna's Grimoire of Summoning and Black Rites
 37773 | Vaults:5 | Identified the Incunabulum of Moulding and Toxins
 37940 | Vaults:5 | Found Ceve's Antique Weapon Shoppe.
 37950 | Vaults:5 | Got a silver rune of Zot
 38613 | D:12     | Bought a +3 ring of slaying for 630 gold pieces
 38981 | D:12     | Bought a +5 ring of protection for 770 gold pieces
 39134 | Depths:1 | Entered Level 1 of the Depths
 39134 | Depths:1 | Found a gateway to Hell.
 39162 | Depths:1 | Reached XP level 23. HP: 113/158 MP: 21/38
 39338 | Depths:1 | Found Jiecsueg's Jewellery Boutique.
 39338 | Depths:1 | Found Isuax's Gadget Emporium.
 39339 | Depths:1 | Found Izxaetan's Gadget Emporium.
 39488 | Depths:1 | Found a one-way gate leading to the halls of Pandemonium.
 39968 | Depths:2 | Noticed a caustic shrike
 39975 | Depths:2 | Killed a caustic shrike
 39979 | Depths:2 | Paralysed by a vampire knight for 3 turns
 40035 | Depths:2 | Identified the ring "Qodeunir" {rPois rC+ rN+ Slay+4 Stlth+} (You took it off a spriggan defender on level 2 of the Depths)
 40060 | Depths:2 | Found the +7 longbow "Piercer" {penet, EV-2}
 40148 | Depths:2 | Found a gateway to a ziggurat.
 40156 | Zig:1    | Entered Level 1 of a ziggurat
 40176 | Zig:2    | Entered Level 2 of a ziggurat
 40205 | Zig:3    | Entered Level 3 of a ziggurat
 40216 | Zig:3    | Reached skill level 5 in Translocations
 40233 | Zig:4    | Entered Level 4 of a ziggurat
 40266 | Zig:5    | Entered Level 5 of a ziggurat
 40293 | Zig:5    | Identified the amulet "Icsisotz" {Inacc rF+ MR+ Int+2} (You found it on level 5 of a ziggurat)
 40303 | Zig:6    | Entered Level 6 of a ziggurat
 40355 | Zig:7    | Entered Level 7 of a ziggurat
 40382 | Zig:7    | Reached XP level 24. HP: 166/166 MP: 38/39
 40864 | Depths:3 | Reached XP level 25. HP: 171/171 MP: 38/39
 41391 | Depths:3 | Reached skill level 15 in Shields
 42208 | Depths:4 | Noticed a juggernaut
 42213 | Depths:4 | Killed a juggernaut
 42230 | Depths:4 | Found a one-way gate to the infinite horrors of the Abyss.
 42860 | Depths:5 | Entered Level 5 of the Depths
 43132 | Depths:5 | Reached XP level 26. HP: 180/180 MP: 34/39
 43161 | Depths:5 | Found a gate to the Realm of Zot.
 43181 | Depths:5 | Noticed GreatBrownShark's ghost (adept DsMo)
 43191 | Depths:5 | Killed GreatBrownShark's ghost
 43314 | Depths:5 | Reached skill level 15 in Dodging
 43315 | Depths:5 | Reached skill level 15 in Fighting
 43751 | Depths:1 | Learned a level 9 spell: Shatter
 44386 | Slime:1  | Entered Level 1 of the Pits of Slime
 44460 | Slime:3  | Noticed n0claF's ghost (adept CeHu)
 44468 | Slime:3  | Killed n0claF's ghost
 44526 | Slime:5  | Entered Level 5 of the Pits of Slime
 44533 | Slime:5  | Gained mutation: You are weak. (Str -2) [a shining eye]
 44568 | Slime:5  | Noticed the Royal Jelly
 44568 | Slime:5  | Found a viscous altar of Jiyva.
 44593 | Slime:5  | Killed the Royal Jelly
 44867 | Slime:5  | Gained mutation: You are frail. (-10% HP) [a shining eye]
 44905 | Slime:5  | Found the +7 sceptre of Torment
 44915 | Slime:5  | Got a slimy rune of Zot
 44921 | Slime:5  | Lost mutation: You are frail. (-10% HP) [potion of mutation]
 44921 | Slime:5  | Lost mutation: You are agile. (Dex +2) [potion of mutation]
 44921 | Slime:5  | Lost mutation: You are weak. (Str -2) [potion of mutation]
 44921 | Slime:5  | Gained mutation: You have very sharp teeth. [potion of mutation]
 44921 | Slime:5  | Gained mutation: You are frail. (-10% HP) [potion of mutation]
 44921 | Slime:5  | Gained mutation: You are agile. (Dex +2) [potion of mutation]
 44970 | Slime:5  | Identified Famy's Catalogue of Cloudy Execration
 45186 | Orc:2    | Bought 2 potions of mutation for 208 gold pieces
 45186 | Orc:2    | Lost mutation: Your skin blends seamlessly with your surroundings (Stealth++). [potion of mutation]
 45186 | Orc:2    | Lost mutation: One of your tentacles bears a spike. [potion of mutation]
 45186 | Orc:2    | Gained mutation: You occasionally shout uncontrollably at your foes. [potion of mutation]
 45186 | Orc:2    | Gained mutation: You possess an exceptional clarity of mind. [potion of mutation]
 45187 | Orc:2    | Lost mutation: You are frail. (-10% HP) [potion of mutation]
 45187 | Orc:2    | Gained mutation: Your magical capacity is low. (-10% MP) [potion of mutation]
 45187 | Orc:2    | Gained mutation: You are frail. (-10% HP) [potion of mutation]
 45187 | Orc:2    | Gained mutation: You are very agile. (Dex +4) [potion of mutation]
 45187 | Orc:2    | Gained mutation: Your skin blends seamlessly with your surroundings (Stealth++). [potion of mutation]
 45280 | D:11     | Lost mutation: You possess an exceptional clarity of mind. [potion of mutation]
 45280 | D:11     | Lost mutation: You are very agile. (Dex +4) [potion of mutation]
 45280 | D:11     | Lost mutation: You are frail. (-10% HP) [potion of mutation]
 45280 | D:11     | Lost mutation: You occasionally shout uncontrollably at your foes. [potion of mutation]
 45280 | D:11     | Gained mutation: You are somewhat resistant to further mutation. [potion of mutation]
 45490 | Pan      | Entered Pandemonium
 45587 | Pan      | Noticed Giej the pandemonium lord
 45595 | Pan      | Killed Giej the pandemonium lord
 45690 | Pan      | Reached XP level 27. HP: 187/187 MP: 36/36
 45708 | Pan      | Entered the realm of Lom Lobon.
 45714 | Pan      | Noticed Lom Lobon
 46033 | Pan      | Reached skill level 10 in Invocations
 46054 | Pan      | Reached skill level 10 in Evocations
 46132 | Pan      | Killed Lom Lobon
 46172 | Pan      | Got a magical rune of Zot
 46257 | Pan      | Reached skill level 10 in Translocations
 46257 | Pan      | Reached skill level 15 in Earth Magic
 46503 | Pan      | Noticed Etoinut the pandemonium lord
 46508 | Pan      | Killed Etoinut the pandemonium lord
 46537 | Pan      | Got a demonic rune of Zot
 46725 | Pan      | Found a transporter.
 46810 | Pan      | Found a transporter.
 46821 | Pan      | Found an exit through the horrors of the Abyss.
 46830 | Pan      | Took an exit into the Abyss.
 46830 | Abyss:1  | Escaped into the Abyss
 47870 | Abyss:4  | Found a corrupted altar of Lugonu.
 47880 | Abyss:5  | Entered Level 5 of the Abyss
 48067 | Abyss:5  | Reached skill level 16 in Earth Magic
 48221 | Abyss:5  | Paralysed by accursed screaming for 1 turns
 48290 | Abyss:5  | Paralysed by accursed screaming for 2 turns
 48295 | Abyss:5  | Got an abyssal rune of Zot
 48298 | Depths:1 | Escaped the Abyss
 48421 | Pan      | Entered the realm of Gloorx Vloq.
 48421 | Pan      | Entered Pandemonium
 48536 | Pan      | Noticed Gloorx Vloq
 48556 | Pan      | Killed Gloorx Vloq
 48581 | Pan      | Got a dark rune of Zot
 48891 | Pan      | Reached skill level 17 in Earth Magic
 49284 | Pan      | Entered the realm of Cerebov.
 49431 | Pan      | Noticed Cerebov
 49543 | Pan      | Killed Cerebov
 49563 | Pan      | Got a fiery rune of Zot
 50032 | Pan      | Entered the realm of Mnoleg.
 50125 | Pan      | Reached skill level 18 in Earth Magic
 50144 | Pan      | Noticed Mnoleg
 50146 | Pan      | Gained mutation: You are frail. (-10% HP) [a cacodemon]
 50150 | Pan      | Gained mutation: Your body sometimes deteriorates upon taking damage. [a cacodemon]
 50203 | Pan      | Killed Mnoleg
 50244 | Pan      | Gained mutation: You tend to lose your temper in combat. [a neqoxec]
 50278 | Pan      | Got a glowing rune of Zot
 50417 | Pan      | Reached skill level 15 in Spellcasting
 50485 | Pan      | Gained mutation: Potions are less effective at restoring your health. [a neqoxec]
 50563 | Pan      | Reached skill level 15 in Translocations
 50588 | Pan      | Gained mutation: Scrolls take you a little longer to read. [a cacodemon]
 50867 | Pan      | Noticed Toff the pandemonium lord
 50879 | Pan      | Killed Toff the pandemonium lord
 51336 | Pan      | Noticed a seraph
 51344 | Pan      | Killed a seraph
 51362 | Pan      | Found a glowing golden altar of the Shining One.
 51400 | Pan      | Identified the ring "Moh Ruudo" {*Tele rN+} (You found it in Pandemonium)
 51403 | Depths:1 | Escaped Pandemonium
 51456 | Hell     | Entered the Vestibule of Hell
 51456 | Hell     | Noticed Geryon
 51467 | Hell     | Killed Geryon
 51467 | Hell     | Reached skill level 19 in Earth Magic
 51495 | Hell     | Found a gateway to the freezing wastes of Cocytus.
 51504 | Hell     | Reached skill level 15 in Stealth
 51539 | Coc:1    | Entered Level 1 of Cocytus
 52398 | Coc:7    | Entered Level 7 of Cocytus
 52557 | Coc:7    | Reached skill level 20 in Earth Magic
 52711 | Coc:7    | Noticed Antaeus
 52722 | Coc:7    | HP: 2/223 [Antaeus (28)]
 52722 | Coc:7    | Slain by Antaeus

Skill      XL: |  1  2  3  4  5  6  7  8  9 10 11 12 13 14 15 16 17 18 19 20 21 22 23 24 25 26 27 |
---------------+----------------------------------------------------------------------------------+-----
Axes           | 3 5 6 7 8 9 10 11 12 13 14 15 16 17 18 19 | 19.0
Shields        | 4 5 6 7 8 9 10 11 12 13 14 15 17 | 17.1
Stealth        | 3 5 7 9 10 11 12 16 | 16.6
Invocations    | 2 4 5 6 7 8 9 10 | 10.0
Dodging        | 5 6 7 8 9 10 11 12 13 14 15 18 | 18.2
Fighting       | 5 6 7 8 9 10 11 12 13 14 15 18 | 18.2
Spellcasting   | 2 4 5 6 7 8 9 10 11 12 13 16 | 16.1
Evocations     | 3 4 6 7 8 9 10 | 10.0
Necromancy     | 3 4 5 6 |  6.6
Earth Magic    | 2 4 5 6 8 11 12 13 14 20 | 20.3
Charms         | 3 4 5 6 7 8 9 10 11 | 11.8
Transmutations | 5 9 11 12 | 12.7
Translocations | 1 3 5 6 7 9 17 | 17.5
Air Magic      | 2 4 6 7 8 |  8.4
Hexes          | 3 4 |  4.3

Action                   |  1- 3 |  4- 6 |  7- 9 | 10-12 | 13-15 | 16-18 | 19-21 | 22-24 | 25-27 || total
-------------------------+-------+-------+-------+-------+-------+-------+-------+-------+-------++-------
Melee: War axe           |    47 |    75 |       |     9 |       |       |       |       |       ||   131
       Constrict         |    13 |    24 |    49 |    75 |    89 |    91 |   120 |    47 |   292 ||   800
       Tentacles         |     6 |     9 |    53 |   155 |   262 |   245 |   196 |   111 |   700 ||  1737
       Hand axe          |       |    13 |   254 |   183 |       |       |       |       |       ||   450
       Peck              |       |       |    24 |   150 |   262 |    64 |       |       |       ||   500
       Broad axe         |       |       |       |   209 |   687 |   765 |   567 |   361 |  2187 ||  4776
       Flail             |       |       |       |       |     5 |       |       |       |       ||     5
       Kick              |       |       |       |       |       |   317 |   345 |   185 |   223 ||  1070
       Bite              |       |       |       |       |       |       |       |       |   363 ||   363
Throw: Tomahawk          |       |       |     4 |    12 |     9 |       |       |       |       ||    25
 Cast: Regeneration      |       |       |       |     3 |    10 |    31 |    16 |    10 |    74 ||   144
       Ozocubu's Armour  |       |       |       |       |    32 |    10 |       |       |       ||    42
       Borgnjor's Vile C |       |       |       |       |     1 |       |       |       |       ||     1
       Statue Form       |       |       |       |       |       |    55 |    55 |    31 |   133 ||   274
       Silence           |       |       |       |       |       |       |     2 |     6 |       ||     8
       Deflect Missiles  |       |       |       |       |       |       |     1 |     3 |     4 ||     8
       Song of Slaying   |       |       |       |       |       |       |     1 |     1 |     1 ||     3
       Apportation       |       |       |       |       |       |       |       |       |    33 ||    33
       Blink             |       |       |       |       |       |       |       |       |     5 ||     5
       Shatter           |       |       |       |       |       |       |       |       |     3 ||     3
       Controlled Blink  |       |       |       |       |       |       |       |       |     1 ||     1
Invok: Temporal Distorti |       |       |       |     2 |       |     6 |       |     2 |    33 ||    43
       Slouch            |       |       |       |     4 |     7 |     1 |    11 |     7 |    35 ||    65
       Bend Time         |       |       |       |       |       |       |       |       |     2 ||     2
Evoke: Wand              |       |       |       |     5 |     3 |     7 |     5 |     4 |    13 ||    37
       Lightning rod     |       |       |       |       |       |     1 |     3 |       |       ||     4
       Phial of floods   |       |       |       |       |       |     1 |       |       |       ||     1
       Lamp of fire      |       |       |       |       |       |       |       |       |     3 ||     3
       Sack of spiders   |       |       |       |       |       |       |       |       |     3 ||     3
       Box of beasts     |       |       |       |       |       |       |       |       |     1 ||     1
       Phantom mirror    |       |       |       |       |       |       |       |       |     1 ||     1
  Use: Scroll            |       |     4 |     4 |    11 |    19 |     6 |     7 |    12 |    17 ||    80
       Potion            |       |     3 |     2 |     1 |     2 |     2 |     3 |     2 |    22 ||    37
 Stab: Sleeping          |     5 |     3 |    18 |    32 |    36 |    46 |    43 |    11 |    11 ||   205
       Distracted        |       |       |     2 |       |     6 |     3 |     2 |     3 |    31 ||    47
       Confused          |       |       |       |     1 |       |       |       |       |       ||     1
       Paralysed         |       |       |       |       |     2 |       |       |       |       ||     2
       Held in net/web   |       |       |       |       |       |       |       |       |     2 ||     2
  Eat: Chunk             |       |     3 |     6 |     9 |    12 |    14 |    22 |    10 |    19 ||    95
       Ration            |       |       |     1 |     2 |     2 |     9 |     4 |     2 |    16 ||    36
Armor: Skin              |    11 |    10 |    25 |    60 |    65 |   219 |   236 |   198 |   734 ||  1558
Dodge: Dodged            |    15 |    35 |    77 |   184 |   470 |   766 |   723 |   569 |  2999 ||  5838
       Deflected         |       |       |       |       |       |       |     4 |    27 |    64 ||    95
Block: Shield            |    21 |    42 |    66 |   209 |   545 |   820 |   662 |   464 |  2831 ||  5660
